Map: Artillería pesada EE

Players

MrFercho - Winner!

  • Race: Zerg Zerg
  • League: Silver
  • Spawn Location: 3:00

tigro - Winner!

  • Race: Terran Terran
  • League: Bronze
  • Spawn Location: 1:00

SCmapster

  • Race: Protoss Protoss
  • League: Silver
  • Spawn Location: 7:00

marinepoof

  • Race: Terran Terran
  • Spawn Location: 7:00

VOD

Have the link to the VOD?

Description

Time

  • Played on: July 13, 2020, 8:32 p.m.
  • Length: 24:24
Show
View Real Time Build Order
Export as new Build Order

MrFercho Zerg - Winner!

Build Orders: Hatch First, Lurkers, Ravager All-In 

Get SALT Encoding   

  12  0:01  Drone  
  13  0:10  Drone  
  14  0:17  Overlord  
  14  0:35  Drone x2  
  16  0:55  Hatchery  
  15  0:57  Drone x2  
  15  1:00  Drone  
  18  1:12  Extractor  
  17  1:20  Spawning Pool  
  17  1:21  Drone  
  17  1:24  Drone  
  18  1:30  Drone  
  19  1:40  Drone  
  20  1:51  Overlord  
  20  2:07  Drone x2  
  22  2:09  Queen x2  
  22  2:13  Overlord  
  26  2:18  Overlord  
  26  2:23  Drone  
  26  2:28  Drone  
  26  2:29  Metabolic Boost  
  28  2:39  Drone x2  
  30  3:10  Spine Crawler  
  29  3:14  Extractor  
  29  3:15  Drone x3  
  31  3:21  Zergling x4  
  33  3:40  Roach Warren  
  30  4:24  Roach  
  30  4:25  Roach x7  
  46  4:48  Ravager x4  
  46  4:49  Ravager  
  46  4:51  Drone  
  52  4:53  Overlord x2  
  52  4:54  Overlord  
  52  5:58  Drone x2  
  52  5:59  Drone x8  
  62  6:17  Lair  
  62  6:26  Extractor  
  62  6:28  Extractor, Zergling x6  
  62  6:29  Zergling x4  
  65  6:52  Evolution Chamber  
  65  6:54  Evolution Chamber  
  63  6:55  Hatchery  
  63  7:00  Drone  
  64  7:08  Drone x3  
  64  7:09  Drone x3  
  69  7:35  Zerg Ground Armor Level 1, Zerg Missile Weapons Level 1  
  66  8:07  Hatchery  
  66  8:11  Glial Reconstitution  
  65  8:12  Baneling Nest  
  64  8:26  Hydralisk Den  
  63  8:31  Drone x10  
  63  8:34  Overlord x5  
  73  8:35  Overlord x7  
  73  8:50  Spine Crawler  
  73  8:51  Spore Crawler  
  71  8:57  Muscular Augments  
  71  8:58  Centrifical Hooks  
  71  9:01  Zergling x2  
  71  9:02  Zergling x22  
  83  9:04  Baneling  
  83  9:05  Baneling x8  
  83  9:19  Drone x8  
  91  9:28  Zergling x2  
  91  9:29  Zergling x10  
  97  9:42  Extractor  
  97  9:44  Extractor  
  95  9:49  Pneumatized Carapace  
  95  9:53  Lair  
  95  10:08  Grooved Spines  
  95  10:10  Drone x11  
  95  10:11  Drone x5  
  111  10:22  Burrow  
  111  10:23  Hatchery  
  111  10:25  Zerg Missile Weapons Level 2, Zerg Ground Armor Level 2  
  110  10:30  Infestation Pit  
  109  10:36  Lurker Den, Hydralisk  
  109  10:37  Hydralisk x7  
  109  10:42  Baneling x9  
  124  11:27  Overseer  
  115  12:33  Hive, Spore Crawler  
  114  12:39  Hydralisk x3  
  114  12:40  Hydralisk x19  
  158  12:51  Hatchery  
  157  12:55  Zergling x8  
  161  12:59  Queen  
  163  13:28  Hatchery  
  157  14:11  Nydus Network  
  156  14:19  Overseer  
  156  14:28  Lurker x10  
  156  14:29  Lurker x3  
  169  14:32  Seismic Spines  
  169  14:34  Zerg Missile Weapons Level 3, Zerg Ground Armor Level 3  
  169  14:37  Hydralisk  
  99  15:08  Hydralisk x3  
  99  15:09  Hydralisk x8  
  99  15:10  Hydralisk  
  110  15:29  Adaptive Talons  
  110  15:45  Zergling x24  
  110  15:46  Zergling x6  
  125  15:51  Queen  
  127  16:16  Queen  
  129  16:35  Extractor  
  128  16:40  Extractor  
  128  16:42  Nydus Canal  
  121  17:12  Zergling x2  
  121  17:13  Zergling x44  
  121  17:14  Zergling x2  
  84  18:09  Zerg Melee Weapons Level 1, Spire  
  84  18:10  Hydralisk x7  
  84  18:11  Hydralisk x14  
  125  18:21  Nydus Canal  
  125  18:33  Hydralisk x8  
  105  19:11  Hydralisk  
  105  19:12  Hydralisk x14  
  97  19:47  Hydralisk  
  97  19:48  Hydralisk x11  
  115  20:02  Hatchery  
  108  20:22  Drone  
  108  20:23  Drone x11  
  120  20:42  Spore Crawler  
  120  20:44  Spore Crawler, Zerg Flyer Weapons Level 1  
  120  20:45  Spore Crawler  
  120  20:46  Corruptor x6, Spore Crawler x3  
  120  20:47  Spore Crawler  
  101  22:45  Zergling x2, Hatchery  
  101  22:46  Zergling x38  
  101  22:47  Zergling x4  
  112  22:55  Greater Spire  
  96  23:45  Hydralisk x13  
  96  23:46  Hydralisk x2  
Show
View Real Time Build Order
Export as new Build Order

tigro Terran - Winner!

Build Orders: 2 Factory 

Get SALT Encoding   

  12  0:02  SCV  
  13  0:14  SCV  
  14  0:25  Supply Depot  
  14  0:26  SCV  
  15  0:35  Refinery  
  15  0:46  SCV  
  16  0:51  Barracks  
  16  0:58  SCV  
  17  1:06  Refinery  
  17  1:11  SCV  
  18  1:22  Supply Depot  
  18  1:23  SCV  
  19  1:35  SCV  
  20  1:41  Marine  
  21  1:47  SCV  
  22  1:59  Marine  
  23  2:01  Factory  
  23  2:09  SCV  
  24  2:16  Marine  
  24  2:21  Engineering Bay, SCV  
  26  2:34  Marine  
  27  2:40  Orbital Command  
  27  2:47  Factory, Factory Tech Lab  
  27  2:52  Marine  
  27  2:55  Armory  
  28  3:07  Siege Tank  
  26  4:05  Barracks Tech Lab  
  26  4:08  Factory Tech Lab  
  26  4:26  Command Center  
  26  4:36  Thor  
  29  4:45  Terran Vehicle Weapons Level 1  
  29  4:59  Combat Shield  
  29  5:02  Refinery  
  29  5:19  Thor  
  35  5:41  Refinery  
  35  5:48  SCV  
  36  5:51  Marine  
  37  6:00  SCV  
  38  6:09  Marine  
  39  6:12  SCV  
  40  6:21  Command Center  
  40  6:23  Stimpack  
  40  6:24  SCV  
  41  6:26  Marine  
  41  6:27  Hi-Sec Auto Tracking  
  42  6:36  SCV  
  42  6:39  Terran Vehicle And Ship Armor Level 1  
  43  6:44  Marine  
  44  6:49  SCV  
  45  7:01  SCV  
  46  7:02  Marine  
  47  7:08  Missile Turret  
  47  7:13  SCV  
  48  7:24  Neosteel Armor  
  48  7:25  SCV  
  49  7:30  Missile Turret  
  49  7:35  Refinery  
  49  7:38  Thor  
  55  7:52  Planetary Fortress  
  54  7:59  Missile Turret  
  51  8:17  Thor  
  57  8:20  Missile Turret  
  57  8:28  SCV  
  57  8:34  Terran Ship Weapons Level 1  
  58  8:40  SCV  
  59  8:42  Supply Depot  
  59  8:47  Missile Turret  
  60  8:48  SCV  
  60  8:52  SCV  
  60  8:54  Refinery  
  61  8:59  Thor  
  61  9:00  SCV  
  68  9:04  SCV  
  68  9:06  Supply Depot  
  69  9:10  Missile Turret  
  69  9:16  SCV  
  70  9:27  Starport  
  70  9:30  Terran Infantry Weapons Level 1  
  70  9:38  Thor  
  70  9:42  Thor  
  70  9:45  SCV  
  83  9:57  SCV  
  84  10:04  Starport  
  84  10:09  SCV  
  85  10:19  SCV  
  86  10:27  Terran Vehicle Weapons Level 2  
  86  10:31  SCV  
  87  10:43  SCV  
  87  10:45  Medivac  
  90  10:55  SCV  
  91  11:07  SCV  
  92  11:14  Planetary Fortress  
  92  11:19  SCV  
  92  11:24  Terran Infantry Armor Level 1, Marine  
  94  11:42  Marine  
  95  11:56  Starport Tech Lab x2  
  95  11:59  Marine  
  96  12:07  Thor  
  96  12:08  Thor  
  108  12:17  Marine  
  109  12:43  Terran Vehicle And Ship Armor Level 2  
  109  12:54  Supply Depot  
  109  13:15  Thor, Marine  
  109  13:17  Supply Depot  
  116  13:28  Thor  
  116  13:33  Marine  
  111  13:42  Supply Depot  
  111  13:51  Marine  
  112  13:58  Thor  
  118  14:09  Marine  
  119  14:11  Thor  
  125  14:26  Marine  
  120  14:41  Thor  
  125  14:54  Thor  
  125  14:59  Terran Ship Weapons Level 2  
  108  15:24  Thor  
  107  15:36  Thor  
  113  16:06  Thor  
  119  16:19  Thor  
  125  16:49  Thor  
  131  17:02  Thor  
  77  17:32  Thor  
  83  17:45  Thor  
  89  18:15  Thor  
  77  18:27  Terran Vehicle Weapons Level 3  
  77  18:28  Thor  
  77  18:32  Terran Infantry Weapons Level 2  
  83  18:34  Marine  
  84  18:44  Orbital Command  
  84  18:52  Marine  
  84  18:54  Missile Turret  
  67  18:58  Thor  
  73  19:09  Marine  
  66  19:10  Thor  
  66  19:16  Missile Turret  
  73  19:21  Fusion Core  
  73  19:27  Marine  
  74  19:41  Thor  
  74  19:45  Marine  
  80  19:48  Refinery  
  81  19:53  Thor  
  84  20:22  Weapon Refit  
  84  20:23  Thor  
  90  20:30  Marine  
  91  20:36  Thor  
  91  20:39  Barracks, Command Center  
  97  20:47  Terran Infantry Armor Level 2  
  97  20:48  Marine  
  97  21:04  Terran Vehicle And Ship Armor Level 3  
  97  21:06  Thor, Marine  
  104  21:14  Battlecruiser x2  
  116  21:19  Siege Tank  
  116  21:23  Marine  
  120  21:27  SCV  
  121  21:39  SCV  
  122  21:41  Marine  
  123  21:49  Thor  
  123  21:51  Thor, SCV  
  136  21:59  Marine  
  137  22:02  Rapid Reignition System  
  137  22:03  SCV  
  124  22:15  SCV  
  124  22:17  Marine  
  95  22:32  Thor  
  95  22:34  Thor  
  87  22:58  Advanced Ballistics  
  87  23:15  Thor  
  87  23:17  Thor  
Show
View Real Time Build Order
Export as new Build Order

SCmapster Protoss 

Build Orders:  

Get SALT Encoding   

  12  0:02  Probe  
  13  0:17  Probe  
  14  0:28  Probe  
  14  0:32  Pylon  
  15  0:46  Probe  
  16  0:58  Probe  
  16  1:00  Assimilator  
  16  1:02  Assimilator  
  17  1:04  Gateway  
  17  1:10  Probe  
  18  1:20  Probe  
  18  1:23  Pylon  
  19  1:28  Probe  
  20  1:36  Probe  
  21  1:48  Probe  
  21  1:49  Gateway  
  22  1:57  Cybernetics Core  
  22  2:00  Probe  
  23  2:12  Probe  
  24  2:34  Adept  
  26  2:38  Shield Battery  
  26  2:39  Adept  
  26  2:40  Shield Battery  
  28  2:47  Shield Battery  
  28  3:01  Pylon  
  28  3:18  Adept  
  30  3:27  Adept  
  32  3:45  Pylon  
  32  4:03  Adept  
  32  4:08  Adept  
  30  4:17  Shield Battery  
  30  4:18  Shield Battery  
  30  4:19  Shield Battery  
  29  4:43  Adept  
  29  5:31  Forge  
  30  6:10  Nexus  
  30  6:16  Nexus  
  28  6:20  Pylon  
  28  6:59  Robotics Facility  
  28  7:01  Robotics Facility  
  28  7:05  Warp Gate  
  28  7:19  Pylon  
  28  7:23  Probe x2  
  28  7:25  Forge  
  28  7:26  Probe  
  30  7:31  Probe  
  30  7:34  Probe  
  30  7:35  Probe  
  33  7:40  Shield Battery  
  33  7:41  Shield Battery, Probe  
  35  7:44  Probe  
  35  7:45  Shield Battery  
  35  7:46  Shield Battery  
  35  7:48  Probe  
  37  7:53  Probe  
  37  7:56  Probe  
  39  8:00  Probe  
  39  8:03  Photon Cannon  
  39  8:04  Photon Cannon  
  39  8:05  Probe  
  41  8:06  Photon Cannon  
  41  8:08  Probe  
  41  8:09  Photon Cannon  
  41  8:11  Photon Cannon  
  41  8:12  Probe  
  43  8:17  Probe  
  44  8:20  Shield Battery, Probe  
  44  8:24  Probe  
  44  8:25  Pylon  
  44  8:26  Pylon  
  46  8:27  Pylon  
  46  8:29  Probe  
  46  8:32  Probe  
  48  8:36  Probe  
  49  8:41  Probe  
  49  8:45  Probe  
  49  8:48  Probe  
  52  8:53  Probe  
  53  8:57  Assimilator, Probe  
  53  8:59  Assimilator  
  53  9:00  Probe  
  55  9:05  Probe  
  55  9:09  Probe  
  57  9:12  Pylon, Probe  
  58  9:17  Probe  
  58  9:21  Probe  
  60  9:24  Probe  
  60  9:30  Probe  
  62  9:33  Probe  
  62  9:34  Photon Cannon  
  62  9:35  Photon Cannon  
  62  9:36  Photon Cannon  
  63  9:39  Photon Cannon  
  63  9:42  Photon Cannon  
  63  10:01  Probe  
  64  10:09  Immortal x2  
  64  10:10  Assimilator  
  64  10:13  Probe  
  73  10:14  Assimilator  
  73  10:20  Pylon  
  73  10:23  Pylon  
  73  10:25  Probe  
  74  10:37  Probe  
  74  10:40  Stargate  
  74  10:41  Stargate  
  75  10:43  Stargate  
  75  10:45  Stargate  
  75  10:49  Probe, Stargate  
  76  10:51  Stargate  
  76  10:56  Stargate  
  76  11:10  Probe  
  76  11:18  Probe  
  78  11:27  Probe  
  79  11:34  Void Ray x2  
  79  11:35  Void Ray x2  
  79  11:36  Void Ray x2  
  79  11:39  Probe  
  104  11:40  Void Ray  
  108  11:50  Pylon  
  108  11:51  Probe  
  108  11:52  Pylon  
  109  11:55  Pylon  
  109  11:57  Pylon  
  109  11:59  Pylon  
  109  12:01  Pylon  
  109  12:24  Void Ray x5  
  109  12:25  Void Ray x2  
  137  13:06  Void Ray  
  137  13:07  Protoss Air Weapons Level 1, Void Ray x4  
  137  13:08  Void Ray x2  
  157  13:53  Void Ray  
  157  13:54  Void Ray  
  165  14:28  Pylon  
  165  14:30  Pylon  
  165  14:32  Pylon  
  165  14:34  Pylon  
  165  14:36  Pylon  
  165  14:39  Pylon  
  165  14:40  Pylon  
  165  14:44  Void Ray  
  165  14:46  Void Ray x2  
  165  14:47  Void Ray  
  165  14:48  Void Ray  
  109  15:37  Void Ray x4  
  109  15:38  Void Ray x3  
  137  15:59  Observer  
  138  16:20  Void Ray x5  
  138  16:21  Void Ray x2  
  166  17:02  Void Ray  
  166  17:03  Void Ray  
  160  17:48  Void Ray x2  
  160  17:49  Void Ray x3  
  180  18:08  Void Ray  
  116  20:35  Nexus  
  112  21:16  Void Ray  
  112  21:17  Void Ray  
  108  21:20  Void Ray  
  108  21:22  Void Ray  
  108  21:24  Void Ray  
  108  21:27  Void Ray  
  108  21:30  Void Ray  
  108  21:47  Assimilator  
  108  21:59  Void Ray  
  108  22:00  Void Ray  
  116  22:04  Void Ray  
  116  22:05  Void Ray  
  58  23:19  Void Ray x2  
Show
View Real Time Build Order
Export as new Build Order

marinepoof Terran 

Build Orders:  

Get SALT Encoding   

  12  0:10  Refinery  
  12  0:19  SCV, Refinery  
  13  0:33  SCV  
  14  0:45  SCV  
  15  0:50  Supply Depot  
  15  1:12  SCV  
  15  1:14  Supply Depot  
  16  1:24  SCV  
  17  1:36  SCV  
  17  1:37  Supply Depot  
  18  1:48  SCV  
  19  1:56  Barracks  
  19  2:00  SCV  
  20  2:12  SCV  
  21  2:24  SCV  
  22  2:37  Command Center, SCV  
  23  2:49  SCV  
  24  3:07  Marine, Factory  
  25  3:24  Marine  
  26  3:42  Marine  
  27  3:52  Refinery  
  27  4:16  Starport  
  27  4:17  Refinery  
  28  4:24  SCV  
  28  4:36  SCV  
  29  4:48  SCV  
  29  4:49  Marine  
  31  4:55  Starport  
  31  4:58  Viking  
  33  5:07  Marine, SCV  
  35  5:19  SCV  
  36  5:25  Marine  
  36  5:28  Viking  
  39  5:31  Starport  
  39  5:35  SCV  
  40  5:43  Viking  
  40  5:48  SCV  
  43  5:58  Viking  
  43  6:00  SCV  
  46  6:12  SCV  
  46  6:13  Viking  
  46  6:14  Viking  
  51  6:24  SCV  
  52  6:28  Viking  
  54  6:58  Supply Depot  
  54  7:20  Viking x3, SCV  
  54  7:21  Supply Depot  
  61  7:32  SCV  
  62  7:43  Supply Depot  
  60  7:50  Viking x2  
  58  8:06  Supply Depot  
  58  8:13  Medivac  
  60  8:20  Viking x2  
  64  8:30  Supply Depot  
  64  8:40  SCV  
  65  8:43  Medivac  
  67  8:50  Viking  
  67  8:52  Supply Depot, SCV  
  72  9:04  SCV  
  72  9:06  Command Center  
  73  9:13  Viking  
  73  9:15  Supply Depot  
  73  9:16  Starport Reactor, SCV  
  76  9:28  SCV  
  76  9:30  Starport Reactor  
  75  9:43  Viking  
  77  9:54  Supply Depot  
  77  10:00  Viking  
  77  10:01  Viking  
  81  10:13  Viking, SCV  
  84  10:18  Supply Depot  
  84  10:25  SCV  
  84  10:28  Refinery  
  85  10:30  Viking  
  85  10:31  Viking  
  89  10:37  SCV  
  89  10:41  Supply Depot  
  90  10:43  Viking  
  90  10:44  Viking  
  90  10:45  Viking  
  90  10:49  SCV  
  97  10:54  Refinery  
  97  11:00  Viking  
  97  11:01  Viking  
  97  11:02  SCV  
  102  11:06  Supply Depot  
  102  11:13  Viking  
  102  11:14  Viking  
  106  11:20  Engineering Bay  
  106  11:30  Viking, Supply Depot  
  108  11:52  Supply Depot  
  78  12:34  Viking x3  
  78  12:35  Viking x2  
  88  13:04  Viking x3  
  88  13:05  Viking x2  
  92  13:23  Hi-Sec Auto Tracking  
  92  13:25  Planetary Fortress  
  92  13:28  Planetary Fortress  
  92  13:34  Viking x3  
  92  13:35  Viking x2  
  102  14:04  Viking x3  
  102  14:05  Viking x2  
  106  14:34  Viking x4  
  106  14:35  Viking  
  60  15:45  Viking  
  60  15:46  Viking x4  
  70  16:15  Viking  
  70  16:16  Viking x4  
  80  16:45  Viking  
  80  16:46  Viking x4  
  90  17:15  Viking  
  90  17:16  Viking x2  
  90  17:21  Command Center  
  86  17:46  Viking  
  88  18:07  Viking x2  
  92  18:16  Viking  
  94  18:37  Viking x2  
  98  18:46  Viking  
  74  19:07  Viking x2  
  58  19:16  Viking  
  50  19:37  Viking x2  
  54  19:46  Viking  
  56  20:12  Viking  
  56  20:13  Viking  
  60  20:16  Viking  
  62  20:28  Refinery  
  62  20:37  SCV  
  62  20:42  Viking x2  
  63  20:46  Viking  
  63  20:49  SCV  
  70  20:53  Refinery  
  70  21:01  SCV  
  71  21:12  Viking x2  
  71  21:13  SCV  
  71  21:16  Viking  
  78  21:25  SCV  
  79  21:42  Viking x2  
  79  21:46  Viking  
  37  22:56  Viking x3  
  43  23:26  Viking x2  
  49  23:31  Starport Tech Lab  
Tags
 
Add a new tag
Caveats
  • Supply blocks, unpowered buildings, or Contaminate may cause inaccurate times.
  • Supply counts are checked every 10 seconds.